 Dungeon Crawl Stone Soup version 0.30.1-11-g7821555f0a (webtiles) character file.

Game seed: 39100890292908020

49 CaptainMV the Charlatan (level 3, -1/33 HPs)
             Began as a Naga Wanderer on Dec 7, 2023.
             Slain by a worm (11 damage)
             ... on level 2 of the Dungeon.
             The game lasted 00:10:36 (1560 turns).

CaptainMV the Charlatan (Naga Wanderer)             Turns: 1560, Time: 00:10:37

Health: -1/33      AC:  2    Str: 16    XL:     3   Next: 77%
Magic:  4/4        EV:  9    Int:  9    God:
Gold:   114        SH:  0    Dex: 13    Spells: 1/4 levels left

rFire   . . .        b - +0 falchion
rCold   . . .        (no shield)
rNeg    . . .        d - +0 leather armour
rPois   +            (no helmet)
rElec   .            (no cloak)
rCorr   .            (no gloves)
SInv    +            (no barding)
Will    .....        (no amulet)
Stlth   +            (no ring)
HPRegen 0.25/turn    (no ring)
MPRegen 0.09/turn

%: no passive effects
@: short of breath, very slow
A: AC +1, large, see invisible, deformed body, poison resistance, slowness 2,
spit poison 1, naga tail 1
a: Spit Poison


You were on level 2 of the Dungeon.
You visited 1 branch of the dungeon, and saw 2 of its levels.

You collected 114 gold pieces.

Inventory:

Hand Weapons
 a - a +0 rapier
 b - a +0 falchion (weapon)
 f - a +0 club
Armour
 d - a +0 leather armour (worn)
Wands
 e - a wand of light (4)
Scrolls
 c - 2 scrolls of teleportation
Potions
 g - a potion of ambrosia
 h - a potion of mutation
 i - a potion of heal wounds
 j - a potion of attraction


   Skills:
 + Level 2.4 Fighting
 + Level 0.2 Short Blades
 + Level 1.3 Armour
 + Level 0.3 Dodging
 + Level 1.1 Spellcasting
 + Level 1.4 Summonings
 + Level 1.0 Invocations
 + Level 4.5 Evocations


You had one spell level left.
You knew the following spells:

 Your Spells              Type           Power      Damage    Failure   Level
a - Summon Small Mammal   Summ           12%        N/A       24%         1
b - Lesser Beckoning      Tloc           0%         N/A       56%         2

Your spell library contained the following spells:

 Spells                   Type           Power      Damage    Failure   Level
 Summon Guardian Golem    Hex/Summ       1%         N/A       69%         3
 Gell's Gravitas          Tloc           0%         N/A       80%         3
 Teleport Other           Tloc           0%         N/A       80%         3


Dungeon Overview and Level Annotations

Branches:
Dungeon (2/15)

Altars:


Innate Abilities, Weirdness & Mutations

Your serpentine skin is tough. (AC +1)
You have supernaturally acute eyesight. (SInv)
Armour fits poorly on your strangely shaped body.
Your system is resistant to poisons. (rPois)
You cover ground very slowly.
You can spit poison.
You have a snake-like lower body.


Message History

* * * LOW HITPOINT WARNING * * *
You slash the worm!
The worm is severely wounded.
Aiming: Spit Poison (2% risk of failure)
Press: ? - help, Shift-Dir - straight line, f - worm
Aim: a worm (severely wounded, 86% to hit)
The splash of poison hits the worm!
You kill the worm!
You start resting.
You have got your breath back.
You start resting.
HP restored.
A worm comes into view.
The worm bites you.
You hit the worm but do no damage. The worm completely misses you.
You barely miss the worm. The worm bites you!
You slash the worm!
The worm is moderately wounded.
You hit the worm. You punch the worm.
The worm is heavily wounded.
The worm bites you.
You hit the worm but do no damage.
The worm is heavily wounded.
The worm bites you.
You hit the worm.
The worm is severely wounded.
The worm closely misses you.
You hit the worm.
The worm is severely wounded.
Aiming: Spit Poison (2% risk of failure)
Press: ? - help, Shift-Dir - straight line, f - worm
Aim: a worm (severely wounded, 86% to hit)
The splash of poison hits the worm but does no damage.
The worm is poisoned.
The worm is severely wounded.
The worm bites you.
You barely miss the worm.
The worm is heavily wounded.
The worm bites you!
You die...

........#####.....#.##.#.#
........#####.....#......#
<............†....####.###
.#....#######.....# #.####
........ #.....# #....#
##....##. #############.#
#.##..# # ##.## #.#
#.###.# #########.#.###.#
# . #....w@#.###....#
#.####.##.#.#####
#.####.###.# ............#
### ##.####.##### ..#####
#.# ......#### ..#
#<#......# #### #.#.#.##.#


You could see a worm (poisoned).

Vanquished Creatures
  An adder (D:2)
  2 worms (D:2)
  A dart slug (D:2)
  4 ball pythons
  3 endoplasms
  2 goblins (D:1)
  A hobgoblin (D:1)
  A jackal (D:1)
  2 quokkas (D:1)
  3 bats
  A frilled lizard (D:2)
  3 kobolds
  2 rats (D:1)
26 creatures vanquished.

Vanquished Creatures (collateral kills)
  2 bats
  A goblin (D:1)
  A jackal (D:1)
  A ball python (D:2)
  A rat (D:1)
6 creatures vanquished.

Grand Total: 32 creatures vanquished

Notes
Turn   | Place    | Note
-------+----------+-------------------------------------------
     0 | D:1      | CaptainMV the Naga Wanderer began the quest for the Orb.
     0 | D:1      | CaptainMV set off with the following items: a +0 club, a
                  | potion of attraction, a scroll of teleportation, a +0
                  | leather armour, a wand of light (4); and the following
                  | spell memorised: Summon Small Mammal; and the following
                  | spells available to memorise: Summon Guardian Golem.
     0 | D:1      | Reached XP level 1. HP: 19/19 MP: 2/2
   135 | D:1      | Reached XP level 2. HP: 24/26 MP: 0/3
   403 | D:1      | Learned a level 2 spell: Lesser Beckoning
  1001 | D:2      | Reached XP level 3. HP: 28/32 MP: 2/4
  1560 | D:2      | Slain by a worm

Illustrated notes

Levels and vault maps discovered:
D:1:      beargit_arrival_greenhouse, layout_loops_ring, serial_forest,
          infiniplex_forest_lined_2, infiniplex_forest_straight_4,
          infiniplex_forest_lined_room_2, infiniplex_forest_zigzag_1,
          infiniplex_forest_split, infiniplex_forest_corner_1,
          infiniplex_forest_straight_2, infiniplex_forest_straight_5,
          infiniplex_forest_clump_long, feat_on_display
D:2:      layout_loops_cross

Action                     || total
---------------------------++-------
  Melee: Rapier            ||   271
         Club              ||     1
         Punch             ||     3
         Falchion          ||    28
   Cast: Summon Small Mamm ||    17
Ability: Spit Poison       ||     9
    Use: Scroll            ||     6
         Potion            ||     1
 Armour: Leather armour    ||    25
  Dodge: Dodged            ||    61
